 Dungeon Crawl Stone Soup version 0.24.1 (webtiles) character file.

Game seed: 8258152158364938528, levelgen mode: deterministic

352 Destapler the Ducker (level 6, -4/53 HPs)
             Began as a Gnoll Monk on Mar 30, 2020.
             Killed by nerve-wracking pain
             ... invoked by an orc priest
              (8 damage)
             ... on level 4 of the Dungeon.
             The game lasted 00:12:32 (2730 turns).

Destapler the Ducker (Gnoll Monk)                   Turns: 2730, Time: 00:12:32

Health: -4/53      AC:  7    Str: 15    XL:     6   Next: 62%
Magic:  9/9        EV: 13    Int: 13    God:
Gold:   166        SH:  9    Dex: 17    Spells: 9/9 levels left

rFire    . . .     SeeInvis .   b - +4 dagger
rCold    . . .     Gourm    .   g - +1 shield
rNeg     . . .     Faith    .   h - +3 leather armour
rPois    .         Spirit   .   (no helmet)
rElec    .         Reflect  .   (no cloak)
rCorr    .         Harm     .   d - +0 pair of gloves
MR       .....                  (no boots)
Stlth    +++.......             i - amulet of regeneration
HPRegen  0.57/turn              (no ring)
MPRegen  0.11/turn              (no ring)

@: no status effects
A: distributed training, fangs 1, strong nose
a: no special abilities


You were on level 4 of the Dungeon.
You were not hungry.

You visited 1 branch of the dungeon, and saw 4 of its levels.

You collected 166 gold pieces.

Inventory:

Hand Weapons
 a - a +0 spear
 b - a +4 dagger (weapon)
Missiles
 j - 5 boomerangs
 o - 6 curare-tipped darts (quivered)
 r - 7 javelins
 v - 2 datura-tipped darts
 y - 10 poisoned darts
Armour
 d - a +0 pair of gloves (worn)
 g - a +1 shield (worn)
 h - a +3 leather armour (worn)
Jewellery
 e - an uncursed ring of fire
 i - an amulet of regeneration (around neck)
Scrolls
 f - 2 scrolls of teleportation
 l - 3 scrolls of identify
 m - 2 scrolls of random uselessness
 n - a scroll of remove curse
 p - a scroll of amnesia
Potions
 k - a potion of lignification {unknown}
 q - 2 potions of heal wounds
 s - a potion of might {unknown}
 t - a potion of agility {unknown}
 u - a potion of degeneration {unknown}
 w - a potion of cancellation {unknown}
 x - a potion of brilliance {unknown}
Comestibles
 c - 10 rations
 z - 9 chunks of flesh


   Skills:
 + Level 6.8 Fighting
 + Level 2.0 Short Blades
 + Level 2.0 Long Blades
 + Level 2.0 Axes
 + Level 2.0 Maces & Flails
 + Level 6.8 Polearms
 + Level 2.0 Staves
 + Level 2.0 Slings
 + Level 2.0 Bows
 + Level 2.0 Crossbows
 + Level 2.0 Throwing
 + Level 2.0 Armour
 + Level 6.8 Dodging
 + Level 4.6 Stealth
 + Level 2.0 Shields
 + Level 2.0 Unarmed Combat
 + Level 2.0 Spellcasting
 + Level 1.5 Conjurations
 + Level 1.5 Hexes
 + Level 1.5 Charms
 + Level 1.5 Summonings
 + Level 1.5 Necromancy
 + Level 1.5 Translocations
 + Level 1.5 Transmutations
 + Level 1.5 Fire Magic
 + Level 1.5 Ice Magic
 + Level 1.5 Air Magic
 + Level 1.5 Earth Magic
 + Level 1.5 Poison Magic
 + Level 2.2 Invocations
 + Level 2.0 Evocations


You had 9 spell levels left.
You didn't know any spells.
Your spell library was empty.

Dungeon Overview and Level Annotations

Branches:
Dungeon (4/15)
 Temple: D:4-7

Altars:
Ashenzari
Gozag
Okawaru
Ru

Annotations:
D:4 Sigmund


Innate Abilities, Weirdness & Mutations

Your experience applies equally to all skills.
You have very sharp teeth.
Your uncanny sense of smell can sniff out nearby items.


Message History

The orc priest calls down the wrath of Beogh upon you.
Beogh smites you!
* * * LOW HITPOINT WARNING * * *
You hit the orc priest but do no damage.
The orc priest is moderately wounded.
The orc priest barely misses you.
You hit the orc priest.
The orc priest is moderately wounded.
The orc priest hits you but does no damage.
You barely miss the orc priest.
The orc priest is moderately wounded.
The orc priest invokes the aid of Beogh against you.
Beogh smites you!
* * * LOW HITPOINT WARNING * * *
The orc priest mumbles some strange prayers to Beogh against you.
Beogh smites you!
* * * LOW HITPOINT WARNING * * *
The orc priest mumbles some strange prayers to Beogh against you.
Pain shoots through your body!
You die... #####.###..### ..........@... #######>####@. #... ### ##... ... ###.o### ######### o@o

. ##########........
..a# ...
##Z.oSo..@..#######
###
o....###.o##########
..oZ.....##
.....##### ... .


You could see 2 orc priests, an adder, an orc and an adder skeleton.

Vanquished Creatures
  An ogre (D:4)
  An orc wizard (D:3)
  2 hounds (D:4)
  A worker ant (D:3)
  A gnoll (D:1)
  3 adders
  3 oozes (D:3)
  3 worms (D:2)
  4 dart slugs
  3 leopard geckos
  4 orcs (D:3)
  8 bats
  10 giant cockroaches
  4 hobgoblins
  4 jackals (D:2)
  A quokka (D:2)
  3 ball pythons
  8 frilled lizards
  9 goblins
  12 kobolds
  8 rats
93 creatures vanquished.

Notes
Turn   | Place    | Note
-------+----------+-------------------------------------------
     0 | D:1      | Destapler the Gnoll Monk began the quest for the Orb.
     0 | D:1      | Reached XP level 1. HP: 23/23 MP: 1/1
   108 | D:1      | Found a shattered altar of Ashenzari.
   304 | D:1      | Reached XP level 2. HP: 28/29 MP: 2/2
   666 | D:1      | Reached XP level 3. HP: 35/35 MP: 3/3
  1029 | D:2      | Reached skill level 1 in Invocations
  1206 | D:2      | Reached skill level 1 in Short Blades
  1206 | D:2      | Reached skill level 1 in Long Blades
  1206 | D:2      | Reached skill level 1 in Axes
  1206 | D:2      | Reached skill level 1 in Maces & Flails
  1206 | D:2      | Reached skill level 1 in Staves
  1206 | D:2      | Reached skill level 1 in Slings
  1206 | D:2      | Reached skill level 1 in Bows
  1206 | D:2      | Reached skill level 1 in Crossbows
  1206 | D:2      | Reached skill level 1 in Throwing
  1206 | D:2      | Reached skill level 1 in Armour
  1206 | D:2      | Reached skill level 1 in Shields
  1206 | D:2      | Reached skill level 1 in Unarmed Combat
  1206 | D:2      | Reached skill level 1 in Spellcasting
  1206 | D:2      | Reached skill level 1 in Evocations
  1224 | D:2      | Reached XP level 4. HP: 37/41 MP: 5/5
  1560 | D:2      | Found an iron altar of Okawaru.
  1561 | D:2      | Found an opulent altar of Gozag.
  1752 | D:3      | Reached skill level 1 in Conjurations
  1752 | D:3      | Reached skill level 1 in Hexes
  1752 | D:3      | Reached skill level 1 in Charms
  1752 | D:3      | Reached skill level 1 in Summonings
  1752 | D:3      | Reached skill level 1 in Necromancy
  1752 | D:3      | Reached skill level 1 in Translocations
  1752 | D:3      | Reached skill level 1 in Transmutations
  1752 | D:3      | Reached skill level 1 in Fire Magic
  1752 | D:3      | Reached skill level 1 in Ice Magic
  1752 | D:3      | Reached skill level 1 in Air Magic
  1752 | D:3      | Reached skill level 1 in Earth Magic
  1752 | D:3      | Reached skill level 1 in Poison Magic
  1874 | D:3      | Reached XP level 5. HP: 37/47 MP: 5/7
  2401 | D:3      | Found a sacrificial altar of Ru.
  2552 | D:4      | Noticed Sigmund
  2637 | D:4      | Reached XP level 6. HP: 53/53 MP: 8/8
  2730 | D:4      | Killed from afar by an orc priest

Levels and vault maps discovered:
D:1:      lightli_arrival_quake, layout_basic, nicolae_ashenzari_panopticon
D:2:      layout_loops_cross, gammafunk_temple_overflow_pools, first_ration,
          st_stairs_5
D:3:      minmay_wonky_spiral, layout_loops_ring, lemuel_coloured_pillars_altar,
          minmay_randomly_rotated_circles
D:4:      layout_rooms, cheibriados_altar_1, uniq_eustachio, uniq_pikel,
          uniq_sigmund

Skill      XL: |  1  2  3  4  5  6 |
---------------+-------------------+-----
Invocations    | 1 2 |  2.2
Short Blades   | 1 2 |  2.0
Long Blades    | 1 2 |  2.0
Axes           | 1 2 |  2.0
Maces & Flails | 1 2 |  2.0
Staves         | 1 2 |  2.0
Slings         | 1 2 |  2.0
Bows           | 1 2 |  2.0
Crossbows      | 1 2 |  2.0
Throwing       | 1 2 |  2.0
Armour         | 1 2 |  2.0
Shields        | 1 2 |  2.0
Unarmed Combat | 1 2 |  2.0
Spellcasting   | 1 2 |  2.0
Evocations     | 1 2 |  2.0
Conjurations   | 1 |  1.5
Hexes          | 1 |  1.5
Charms         | 1 |  1.5
Summonings     | 1 |  1.5
Necromancy     | 1 |  1.5
Translocations | 1 |  1.5
Transmutations | 1 |  1.5
Fire Magic     | 1 |  1.5
Ice Magic      | 1 |  1.5
Air Magic      | 1 |  1.5
Earth Magic    | 1 |  1.5
Poison Magic   | 1 |  1.5
Fighting       | |  6.8
Polearms       | |  6.8
Dodging        | |  6.8
Stealth        | |  4.6

Action                   |  1- 3 |  4- 6 || total
-------------------------+-------+-------++-------
Melee: Spear             |   183 |    54 ||   237
       Bite              |    18 |    20 ||    38
       Dagger            |       |   131 ||   131
Throw: Dart              |       |     1 ||     1
  Use: Scroll            |       |     6 ||     6
 Stab: Sleeping          |    11 |    12 ||    23
       Distracted        |       |     1 ||     1
  Eat: Chunk             |     1 |     5 ||     6
Armor: Leather armour    |    25 |    27 ||    52
Dodge: Dodged            |    75 |    74 ||   149
Block: Shield            |    43 |    55 ||    98
